AoeStats
← 378080739

African Clearing

510311415Analyzed
4v4 RM · 16h ago on Sep 30, 2026· 50m 22s· 8 players
Game mode
Random Map
Map size
Large (8 player)
Population
200
Speed
Normal
Resources
Standard
Victory
Conquest
Starting age
Dark Age
Ending age
Imperial Age
RankedLock teamsTeams togetherTeam positionsShared explorationLock speedFull tech treeHidden civsTurbo modeCheats
Victory
Defeat
🇸🇪 Saxons · Sweden
1066
+16
🇭🇰 Poles · Hong Kong SAR China
1056
+17
🇨🇳 Mongols · China
1047
+17
🇨🇳 Danes · China
1034
+17
1096
-17
🇫🇷 Byzantines · France
1073
-17
🇨🇦 Varangians · Canada
1065
-17
🇹🇷 Huns · Türkiye
1038
-16
Wolfie
14:22 Feudal Age
14:19 Loom
15:59 Double-Bit Axe
19:28 Castle Age
19:13 Scale Mail Armor
22:26 Squires
25:44 Fletching
27:44 Elite Skirmisher
29:25 Bodkin Arrow
29:31 Padded Archer Armor
31:01 Gold Mining
31:40 Bow Saw
31:34 Arson
33:33 Leather Archer Armor
39:02 Wheelbarrow
40:50 Thumb Ring
41:28 Hand Cart
42:31 Ballistics
42:24 Murder Holes
42:36 Town Watch
46:30 Imperial Age
44:02 Crossbowman
47:00 Chain Mail Armor
50:20 Bracer
378080739
6:14 Loom
17:35 Feudal Age
22:33 Castle Age
33:45 Double-Bit Axe
35:23 Horse Collar
38:47 Imperial Age
37:00 Wheelbarrow
36:57 Bow Saw
36:38 Hamask
37:53 Gold Mining
37:54 Stone Mining
38:21 Forging
38:11 Scale Mail Armor
38:45 Hand Cart
40:28 Iron Casting
40:10 Chain Mail Armor
40:22 Conscription
39:37 Elite Jomsviking
44:04 Blast Furnace
43:34 Plate Mail Armor
44:24 Ballistics
45:05 Chemistry
44:12 Siege Engineers
44:32 Heavy Plow
50:37 Gold Shaft Mining
50:38 Stone Shaft Mining
寻找迷失的爱
3:44 Loom
12:34 Feudal Age
13:46 Double-Bit Axe
16:33 Castle Age
14:28 Stone Mining
17:31 Bow Saw
18:57 Stone Shaft Mining
22:57 Fletching
23:14 Horse Collar
25:30 Wheelbarrow
25:34 Bodkin Arrow
28:50 Ballistics
32:00 Padded Archer Armor
32:23 Husbandry
34:33 Bloodlines
38:39 Imperial Age
38:22 Leather Archer Armor
38:53 Scale Barding Armor
39:00 Forging
39:16 Hand Cart
40:46 Chemistry
40:32 Bracer
41:10 Conscription
41:10 Elite Mangudai
yihua8995
13:29 Loom
15:22 Feudal Age
15:41 Loom
15:23 Man-at-Arms
17:05 Double-Bit Axe
26:04 Fletching
32:44 Wheelbarrow
35:14 Horse Collar
39:43 Castle Age
41:42 Hand Cart
43:40 Heavy Plow
44:54 Stone Mining
46:45 Gold Mining
48:54 Bloodlines
50:01 Stone Shaft Mining
52:05 Imperial Age
50:28 Szlachta Privileges
50:57 Scale Barding Armor
51:03 Forging
51:11 Forging
tboss
3:31 Loom
16:54 Feudal Age
20:41 Castle Age
18:54 Double-Bit Axe
20:30 Town Watch
21:51 Bow Saw
22:22 Wheelbarrow
25:50 Squires
26:05 Bloodlines
25:55 Husbandry
25:59 Murder Holes
26:25 Ballistics
26:14 Scale Barding Armor
26:07 Horse Collar
27:07 Heavy Plow
31:01 Chain Barding Armor
31:37 Hand Cart
37:45 Imperial Age
35:57 Forging
35:54 Gold Mining
36:14 Stone Mining
38:20 Iron Casting
37:59 Elite Jarl
39:01 Conscription
39:31 Plate Barding Armor
40:15 Crop Rotation
41:13 Two-Man Saw
40:22 Town Patrol
41:30 Blast Furnace
41:25 Fletching
42:32 Fishing Lines
48:17 Bodkin Arrow
49:28 Chemistry
48:39 Masonry
DR GUS GLITTERGELPEN BILDORDER Ⅷ
4:07 Loom
13:51 Feudal Age
15:25 Wheelbarrow
14:38 Double-Bit Axe
19:36 Town Watch
20:19 Scale Barding Armor
25:52 Fletching
29:46 Castle Age
30:41 Bodkin Arrow
34:39 Padded Archer Armor
34:42 Light Cavalry
35:32 Bloodlines
34:42 Light Cavalry
35:36 Bloodlines
36:28 Ballistics
38:04 Steppe Husbandry
37:53 Capped Ram
40:56 Thumb Ring
45:03 Imperial Age
43:14 Leather Archer Armor
44:28 Chain Barding Armor
44:29 Hand Cart
45:39 Elite Kipchak
47:06 Parthian Tactics
47:14 Ring Archer Armor
Pegasus75
4:49 Loom
15:11 Feudal Age
15:20 Man-at-Arms
15:55 Double-Bit Axe
19:44 Horse Collar
25:38 Castle Age
26:01 Long Swordsman
30:21 Elite Skirmisher
31:07 Thumb Ring
31:47 Wheelbarrow
31:30 Fletching
41:04 Imperial Age
39:14 Heavy Plow
40:52 Hand Cart
41:12 Pikeman
42:25 Conscription
alsercan87
4:43 Loom
13:28 Feudal Age
18:04 Bloodlines
19:46 Double-Bit Axe
19:45 Horse Collar
21:19 Scale Barding Armor
27:01 Gold Mining
30:34 Castle Age
37:08 Gold Shaft Mining
37:37 Husbandry
Connection lost

Rejoining the realm…

Still unreachable

The connection could not be restored.

Session expired

The server has moved on; the page needs a fresh start.